Workbook

Sheet Plan. Orçamentária
A1: PREFEITURA MUNICIPAL Secretaria de Obras e Serviços Urbanos | Q1: 1
Q2: 2
Q3: 3
A4: OBRA POR EXECUÇÃO INDIRETA | Q4: 4
A5: Setor requisitante: Secretaria Municipal de Obras e Serviços Urbanos | Q5: 5
A6: Objeto: | C6: LOE 01 - Pavimentação de via em piso de concreto pré-moldado intertravado, tipo Sextavado - Rua Nossa Senhora do Rosário e Rua Artur Vidigal, bairro Santa Maria - Nova Era/MG | G6: BDI: | H6: =BDI!J27 -> 0.3038 | I6: =TODAY() -> 44887 | Q6: 6
Q7: 7
A8: PLANILHA ORÇAMENTÁRIA | Q8: 8
A9: Item | B9: Preço Referência | C9: Fonte | D9: Descrição | E9: Qtde. | F9: Unidade | G9: Preço unitário sem BDI | H9: Preço unitário com BDI | I9: P. Total | Q9: 9
A10: 1 | B10: - | C10: - | D10: MOBILIZAÇÃO E DESMOBILIZAÇÃO | Q10: 11
A11: =$A$10&"."&Q1 -> 1.1 | B11: ED-50393 | C11: SETOP (JUN/2022) | D11: Mobilização e desmobilização de obra em centro urbano ou região limítrofe com valor entre 1.000.000,01 a 3.000.000,00 | E11: ='Mem. Cálc. - P.O'!J18 -> 1 | F11: VB | G11: ='Mem. Cálc. - P.O'!H13 -> 3969.1 | H11: =G11+G11*H6 -> 5174.91 | I11: =E11*H11 -> 5174.91 | Q11: 12
A12: ="TOTAL (Item "&A10&"):" -> TOTAL (Item 1): | I12: =SUM(I11:I11) -> 5174.91 | Q12: 13
A13: 2 | B13: - | C13: - | D13: CANTEIRO DE OBRAS | Q13: 14
A14: =$A$13&"."&Q1 -> 2.1 | B14: ED-50152 | C14: SETOP (JUN/2022) | D14: Fornecimento e colocação de placa de obra em chapa galvanizada (3,00 x 1,50m) - em chapa galvanizada 0,26 afixadas com rebites 540 e parafusos 3/8, em estrutura metálica viga u 2" enrijecida com metalon 20 x 20, suporte em eucalipto autoclavado pintadas | E14: ='Mem. Cálc. - P.O'!J23 -> 1 | F14: UN | G14: 1224.69 | H14: =(G14+(G14*$H$6)) -> 1596.75 | I14: =E14*H14 -> 1596.75 | Q14: 15
A15: =$A$13&"."&Q2 -> 2.2 | B15: ED-50155 | C15: SETOP (JUN/2022) | D15: Locação de banheiro químico, dimensão (110x120x230)cm, linha padrão, contendo uma (1) pia/higienizador de mãos, inclusive manutenção e mobilização/desmobilização | E15: ='Mem. Cálc. - P.O'!J27 -> 4 | F15: MÊS | G15: 800 | H15: =(G15+(G15*$H$6)) -> 1043.04 | I15: =E15*H15 -> 4172.16 | N15: =L15*M15 -> 0
A16: =$A$13&"."&Q3 -> 2.3 | B16: ED-16348 | C16: SETOP (JUN/2022) | D16: Locação de container com isolamento térmico, tipo 1, para escritório de obra/almoxarifado, com medidas referenciais de (6) metros de comprimentos, (2,3) metros de largura, (2,5) metros de altura útil interna, inclusive ar condicionado e ligações elétricas internas | E16: ='Mem. Cálc. - P.O'!J31 -> 4 | F16: MÊS | G16: 681.13 | H16: =(G16+(G16*$H$6)) -> 888.06 | I16: =E16*H16 -> 3552.24 | K16: =384205 -> 384205 | L16: =K16*0.0085 -> 3265.7425 | N16: =L16*M16 -> 0
A17: =$A$13&"."&Q4 -> 2.4 | B17: ED-16356 | C17: SETOP (JUN/2022) | D17: Ligações provisórias para container tipo 1 (correspondente ao código ED-16348) | E17: ='Mem. Cálc. - P.O'!J35 -> 1 | F17: UN | G17: 312.5 | H17: =(G17+(G17*$H$6)) -> 407.44 | I17: =E17*H17 -> 407.44 | K17: =(I12+I19)/K16 -> 0.0412 | L17: =K17*100 -> 4.12 | N17: =SUM(N15:N16) -> 0
A18: =$A$13&"."&Q5 -> 2.5 | B18: ED-50137 | C18: SETOP (JUN/2022) | D18: Mobilização e desmobilização de container, inclusive instalação e transporte com caminhão guindauto (munck) | E18: ='Mem. Cálc. - P.O'!J40 -> 1 | F18: UN | G18: 700.55 | H18: =(G18+(G18*$H$6)) -> 913.38 | I18: =E18*H18 -> 913.38
A19: ="TOTAL (Item "&A13&"):" -> TOTAL (Item 2): | I19: =SUM(I14:I18) -> 10641.97 | Q19: 16
A20: 3 | B20: - | C20: - | D20: ADMINISTRAÇAO LOCAL
A21: 3.1 | B21: CO-27348 | C21: SETOP (JUN/2022) | D21: Engenheiro/Arquiteto Junior | E21: ='Mem. Cálc. - P.O'!J45 -> 88 | F21: H | G21: 84.49 | H21: =(G21+(G21*$H$6)) -> 110.16 | I21: =E21*H21 -> 9694.08
A22: 3.2 | B22: ED-21776 | C22: SETOP (JUN/2022) | D22: Encarregado geral com encargos complementares | E22: ='Mem. Cálc. - P.O'!J49 -> 4 | F22: MÊS | G22: 6136.54 | H22: =(G22+(G22*$H$6)) -> 8000.82 | I22: =E22*H22 -> 32003.28
A23: 3.3 | B23: 90781 | C23: SINAPI (OUT/2022) | D23: Topografo com encargos complementares | E23: ='Mem. Cálc. - P.O'!J53 -> 44 | F23: H | G23: 35.44 | H23: =(G23+(G23*$H$6)) -> 46.21 | I23: =E23*H23 -> 2033.24
A24: 3.4 | B24: 88253 | C24: SINAPI (OUT/2022) | D24: Auxiliar de topógrafo com encargos complementares | E24: ='Mem. Cálc. - P.O'!J57 -> 44 | F24: H | G24: 16.8 | H24: =(G24+(G24*$H$6)) -> 21.9 | I24: =E24*H24 -> 963.6
A25: ="TOTAL (Item "&A20&")" -> TOTAL (Item 3) | I25: =SUM(I21:I24) -> 44694.2
A26: 4 | B26: - | C26: - | D26: SINALIZAÇÃO
A27: 4.1 | B27: RO-42193 | C27: SETOP (JUN/2022) | D27: Placa de aço carbono com película refletiva grau técnico tipo I da ABNT, placa retangular (execução, incluindo fornecimento e transporte de todos os materiais, inclusive poste de sustentação) | E27: ='Mem. Cálc. - P.O'!J63 -> 2.64 | F27: M2 | G27: 464.54 | H27: =(G27+(G27*$H$6)) -> 605.67 | I27: =E27*H27 -> 1598.97
A28: 4.2 | B28: ED-27006 | C28: SETOP (JUN/2022) | D28: Cone para sinalização/isolamento de áreas, altura 75 cm, inclusive fornecimento e movimentação | E28: ='Mem. Cálc. - P.O'!J71 -> 10 | F28: UN | G28: 4.17 | H28: =(G28+(G28*$H$6)) -> 5.44 | I28: =E28*H28 -> 54.4
A29: ="TOTAL (Item "&A26&")" -> TOTAL (Item 4) | I29: =SUM(I27:I28) -> 1653.37
A30: 5 | B30: - | C30: - | D30: DRENAGEM PLUVIAL
A31: 5.1 | B31: 90107 | C31: SINAPI (OUT/2022) | D31: Escavação mecanizada de vala, com profundidade até 3,00m, largura menor 0,8m em solos de 1ª categoria | E31: ='Mem. Cálc. - P.O'!J106 -> 1363.07 | F31: M3 | G31: 7 | H31: =(G31+(G31*$H$6)) -> 9.13 | I31: =E31*H31 -> 12444.83
A32: 5.2 | B32: 101616 | C32: SINAPI (OUT/2022) | D32: Preparo do fundo de vala com largura menor que 1,5 m | E32: ='Mem. Cálc. - P.O'!J140 -> 603.12 | F32: M2 | G32: 4.95 | H32: =(G32+(G32*$H$6)) -> 6.45 | I32: =E32*H32 -> 3890.12
A33: 5.3 | B33: 92210 | C33: SINAPI (OUT/2022) | D33: Tubo de concreto armado PA1, DN 400mm, junta rígida tipo ponta e bolsa, incluindo fornecimento, assentamento e rejuntamento | E33: ='Mem. Cálc. - P.O'!J164 -> 251.81 | F33: M | G33: 174.07 | H33: =(G33+(G33*$H$6)) -> 226.95 | I33: =E33*H33 -> 57148.28
A34: 5.4 | B34: 92212 | C34: SINAPI (OUT/2022) | D34: Tubo de concreto armado PA1, DN 600mm, junta rígida tipo ponta e bolsa, incluindo fornecimento, assentamento e rejuntamento | E34: ='Mem. Cálc. - P.O'!J179 -> 474.26 | F34: M | G34: 312.59 | H34: =(G34+(G34*$H$6)) -> 407.55 | I34: =E34*H34 -> 193284.66
A35: 5.5 | B35: 93382 | C35: SINAPI (OUT/2022) | D35: Reaterro de vala com compactação mecânica através de placa vibratória | E35: ='Mem. Cálc. - P.O'!J216 -> 1129.86 | F35: M3 | G35: 27.39 | H35: =(G35+(G35*$H$6)) -> 35.71 | I35: =E35*H35 -> 40347.3
A36: 5.6 | B36: ="COMP-PMNE-00"&'C.P.U.'!A9 -> COMP-PMNE-001 | C36: ="COMP-PMNE-00"&'C.P.U.'!A9 -> COMP-PMNE-001 | D36: Poço de visita para drenagem pluvial em alvenaria de blocos de concreto, cheios em concreto Fck ≥ 20MPa, dimensões internas de 100X100cm, altura de 150 cm a 300 cm (varíável de acordo com perfil da rede), para rede DN 400mm e DN600mm, com tampa de concreto armado e reboco interno, incluindo escavação e reaterro compactado, conforme projeto | E36: ='Mem. Cálc. - P.O'!J230 -> 9 | F36: UN | G36: ='C.P.U.'!I9 -> 5853.28 | H36: =(G36+(G36*$H$6)) -> 7631.51 | I36: =E36*H36 -> 68683.59 | O36: 48
A37: 5.7 | B37: ="COMP-PMNE-00"&'C.P.U.'!A30 -> COMP-PMNE-003 | C37: ="COMP-PMNE-00"&'C.P.U.'!A30 -> COMP-PMNE-003 | D37: Caixa de passagem para drenagem pluvial, em alvenaria de blocos de concreto, cheios em concreto Fck ≥ 20MPa, dimensões internas de 100X100cm, altura ≤ 250cm, para rede DN 400mm e DN600mm, com tampa de concreto armado e reboco interno, incluindo escavação e reaterro compactado, conforme projeto | E37: ='Mem. Cálc. - P.O'!J237 -> 2 | F37: UN | G37: ='C.P.U.'!I30 -> 5634.74 | H37: =(G37+(G37*$H$6)) -> 7346.57 | I37: =E37*H37 -> 14693.14
A38: 5.8 | B38: ED-48549 | C38: SETOP (JUN/2022) | D38: Boca de lobo simples, dimensões internas de 85x28x100cm (comp. x larg. x alt.) em alvenaria de blocos de concreto, cheios em concreto Fck ≥ 20MPa, sobre lastro de concreto 10cm, incluindo escavação e reaterro compactado, conforme projeto. Inclusive reboco para alvenaria interna, grelha GR 95 ferro fundido, cantoneira e bota fora (Tipo A - ferro fundido) | E38: ='Mem. Cálc. - P.O'!J244 -> 17 | F38: UN | G38: 2313.86 | H38: =(G38+(G38*$H$6)) -> 3016.81 | I38: =E38*H38 -> 51285.77
A39: ="TOTAL (Item "&A30&"):" -> TOTAL (Item 5): | I39: =SUM(I31:I38) -> 441777.69
A40: 6 | B40: - | C40: - | D40: PAVIMENTAÇÃO
A41: 6.1 | B41: ED-50699 | C41: SETOP (JUN/2022) | D41: Corte de árvore nativa com moto-serra DN >= 030m - Até 1.000 unidades | E41: ='Mem. Cálc. - P.O'!J249 -> 2 | F41: UN | G41: 33.31 | H41: =(G41+(G41*$H$6)) -> 43.43 | I41: =E41*H41 -> 86.86
A42: 6.2 | B42: ED-48490 | C42: SETOP (JUN/2022) | D42: Demolição manual de pavimento poliédrica, inclusive afastamento | E42: ='Mem. Cálc. - P.O'!J257 -> 5061.16 | F42: M2 | G42: 12.9 | H42: =(G42+(G42*$H$6)) -> 16.82 | I42: =E42*H42 -> 85128.71
A43: 6.3 | B43: RO-42387 | C43: SETOP (JUN/2022) | D43: Remoção de blocos sextavados (bloquetes) | E43: ='Mem. Cálc. - P.O'!J261 -> 90.55 | F43: M2 | G43: 10.6 | H43: =(G43+(G43*$H$6)) -> 13.82
A44: 6.4 | B44: ED-51132 | C44: SETOP (JUN/2022) | D44: Carga de material de qualquer natureza sobre caminhão basculante, de forma mecanizada | E44: ='Mem. Cálc. - P.O'!J266 -> 1228.26 | F44: M3 | G44: 2.92 | H44: =(G44+(G44*$H$6)) -> 3.81 | I44: =E44*H44 -> 4679.67
A45: 6.5 | B45: ED-51130 | C45: SETOP (JUN/2022) | D45: Transporte de material de qualquer natureza em caminhão basculante, DMT > 5km, dentro do perímetro urbano | E45: ='Mem. Cálc. - P.O'!J271 -> 21368.43 | F45: M3XKM | G45: 4.77 | H45: =(G45+(G45*$H$6)) -> 6.22 | I45: =E45*H45 -> 132911.63
A46: 6.6 | B46: ED-51098 | C46: SETOP (JUN/2022) | D46: Aterro compactado com rolo vibratório a 95% do P.N. | E46: ='Mem. Cálc. - P.O'!J282 -> 896.3 | F46: M3 | G46: 2.81 | H46: =(G46+(G46*$H$6)) -> 3.66 | I46: =E46*H46 -> 3280.46
A47: 6.7 | B47: 100576 | C47: SINAPI (OUT/2022) | D47: Regularização e compactação de subleito de solo predominantemente argiloso | E47: ='Mem. Cálc. - P.O'!J286 -> 5061.16 | F47: M2 | G47: 2.21 | H47: =(G47+(G47*$H$6)) -> 2.88 | I47: =E47*H47 -> 14576.14
A48: 6.8 | B48: ED-48472 | C48: SETOP (JUN/2022) | D48: Remoção de meio-fio pré-moldado de concreto, inclusive carga | E48: ='Mem. Cálc. - P.O'!J293 -> 980.8 | F48: M | G48: 9.21 | H48: =(G48+(G48*$H$6)) -> 12.01 | I48: =E48*H48 -> 11779.41
A49: 6.9 | B49: ED-48489 | C49: SETOP (JUN/2022) | D49: Demolição de passeio ou laje de concreto com equipamento, inclusive afastamento | E49: ='Mem. Cálc. - P.O'!J298 -> 191.65 | F49: M2 | G49: 14.11 | H49: =(G49+(G49*$H$6)) -> 18.4 | I49: =E49*H49 -> 3526.36
A50: 6.10 | B50: ED-51125 | C50: SETOP (JUN/2022) | D50: Transporte de material demolido em caçamba | E50: ='Mem. Cálc. - P.O'!J302 -> 23 | F50: M3 | G50: 48 | H50: =(G50+(G50*$H$6)) -> 62.58 | I50: =E50*H50 -> 1439.34
A51: 6.11 | B51: ED-51144 | C51: SETOP (JUN/2022) | D51: Passeios de concreto E= 8cm, FCK = 15 Mpa Padrão prefeitura | E51: ='Mem. Cálc. - P.O'!J311 -> 2269.15 | F51: M2 | G51: 61.35 | H51: =(G51+(G51*$H$6)) -> 79.99 | I51: =E51*H51 -> 181509.31
A52: 6.12 | B52: 94274 | C52: SINAPI (OUT/2022) | D52: Meio-fio em concreto pré-fabricado Fck ≥ 15MPa, dimensões 80x13x10x35 cm (comprimento x face inferior x face superior x altura), para vias urbanas, inclusive escavação e reaterro | E52: ='Mem. Cálc. - P.O'!J326 -> 1059.55 | F52: M | G52: 71.07 | H52: =(G52+(G52*$H$6)) -> 92.66 | I52: =E52*H52 -> 98177.9
A53: 6.13 | B53: 92407 | C53: SINAPI (OUT/2022) | D53: Pavimentação de via em piso de concreto pré-moldado intertravado sobre camada de assentamento em pó de pedra, espessura de 6 cm, incluindo fornecimento e transporte de todos os materiais | E53: ='Mem. Cálc. - P.O'!J334 -> 5061.16 | F53: M2 | G53: 88.11 | H53: =(G53+(G53*$H$6)) -> 114.88 | I53: =E53*H53 -> 581426.06
A54: 6.14 | B54: 94288 | C54: SINAPI (OUT/2022) | D54: Sarjeta em concreto usinado, Fck ≥ 35 MPa, 30cm de base x 10cm de altura, incluindo formas e compactação do terreno | E54: ='Mem. Cálc. - P.O'!J342 -> 1580.76 | F54: M | G54: 52.25 | H54: =(G54+(G54*$H$6)) -> 68.12 | I54: =E54*H54 -> 107681.37
A55: ="SUB-TOTAL (Item "&A40&"):" -> SUB-TOTAL (Item 6): | I55: =SUM(I41:I54) -> 1226203.2
A56: 7 | B56: - | C56: - | D56: MURO DE CONTENÇÃO
A57: 7.1 | B57: ="COMP-PMNE-00"&'C.P.U.'!A40 -> COMP-PMNE-004 | C57: ="COMP-PMNE-00"&'C.P.U.'!A40 -> COMP-PMNE-004 | D57: Mureta de bloco de concreto, esp. 15cm, h= 105cm, a revestir | E57: ='Mem. Cálc. - P.O'!J347 -> 111.15 | F57: M | G57: ='C.P.U.'!I40 -> 292.43 | H57: =(G57+(G57*$H$6)) -> 381.27 | I57: =E57*H57 -> 42378.16
A58: 7.2 | B58: RO-41586 | C58: SETOP (JUN/2022) | D58: Dreno de PVC ø = 75mm, comprimento unitário = 15 cm (execução, incluindo o fornecimento e transporte de todos os materiais) | E58: ='Mem. Cálc. - P.O'!J351 -> 10 | F58: UN | G58: 16.71 | H58: =(G58+(G58*$H$6)) -> 21.79 | I58: =E58*H58 -> 217.9
A59: 7.3 | B59: ED-48214 | C59: SETOP (JUN/2022) | D59: Alvenaria em bloco de concreto cheio, com armação, em concreto com fck 15 MPa, esp. 19cm, para revestimento, inclusive argamassa para assentamento | E59: ='Mem. Cálc. - P.O'!J357 -> 459.95 | F59: M2 | G59: 233.69 | H59: =(G59+(G59*$H$6)) -> 304.69 | I59: =E59*H59 -> 140142.17
A60: 7.4 | B60: 96523 | C60: SINAPI (OUT/2022) | D60: Escavação manual para bloco de coroamento ou sapata | E60: ='Mem. Cálc. - P.O'!J363 -> 1.6 | F60: M3 | G60: 120.03 | H60: =(G60+(G60*$H$6)) -> 156.5 | I60: =E60*H60 -> 250.4
A61: 7.5 | B61: ED-51093 | C61: SETOP (JUN/2022) | D61: Apiloamento de fundo de vala com soquete | E61: ='Mem. Cálc. - P.O'!J369 -> 4 | F61: M2 | G61: 18.64 | H61: =(G61+(G61*$H$6)) -> 24.3 | I61: =E61*H61 -> 97.2
A62: 7.6 | B62: ="COMP-PMNE-00"&'C.P.U.'!A54 -> COMP-PMNE-005 | C62: ="COMP-PMNE-00"&'C.P.U.'!A54 -> COMP-PMNE-005 | D62: Fornecimento de concreto estrutural, usinado bombeado, com Fck 20 MPa, inclusive corte, dobra e montagem de aço CA-50/60, lançamento, adensamento e acabamento (fundação) | E62: ='Mem. Cálc. - P.O'!J375 -> 1.6 | F62: ='C.P.U.'!H54 -> M3 | G62: ='C.P.U.'!I54 -> 1622.34 | H62: =(G62+(G62*$H$6)) -> 2115.21 | I62: =E62*H62 -> 3384.34
A63: 7.7 | B63: ED-50842 | C63: SETOP (JUN/2022) | D63: Pilar com concreto aparente 20 MPa, inclusive armação, forma plastificada e desforma | E63: ='Mem. Cálc. - P.O'!J390 -> 4.97 | F63: M3 | G63: 2879.41 | H63: =(G63+(G63*$H$6)) -> 3754.17 | I63: =E63*H63 -> 18658.22
A64: 7.8 | B64: ED-50860 | C64: SETOP (JUN/2022) | D64: Cinta armada em concreto 20 MPa, inclusive lastro 5 cm em concreto magro 9 MPa, formas laterais e desforma | E64: ='Mem. Cálc. - P.O'!J398 -> 3.24 | F64: M3 | G64: 3434.06 | H64: =(G64+(G64*$H$6)) -> 4477.33 | I64: =E64*H64 -> 14506.55
A65: 7.9 | B65: 101203 | C65: SINAPI (OUT/2022) | D65: Cerca com mourões de madeira roliça, DN 11cm, espaçamento de 2,5m, altura livre de 1,70m cravados, 0,50m, com 5 fios de arame de aço ovalado 15x17, fornecimento e instalação | E65: ='Mem. Cálc. - P.O'!J404 -> 41.75 | F65: M | G65: 34.85 | H65: =(G65+(G65*$H$6)) -> 45.44 | I65: =E65*H65 -> 1897.12
A66: 7.10 | B66: ED-50986 | C66: SETOP (JUN/2022) | D66: Portão em tubo galvanizados 2 1/2" com tela fio 12 # 1/2" | E66: ='Mem. Cálc. - P.O'!J408 -> 1.89 | F66: M2 | G66: 501.63 | H66: =(G66+(G66*$H$6)) -> 654.03 | I66: =E66*H66 -> 1236.12
A67: ="SUB-TOTAL (Item "&A56&"):" -> SUB-TOTAL (Item 7): | I67: =SUM(I57:I66) -> 222768.18
A68: TOTAL | I68: =I12+I19+I25+I29+I39+I55+I67 -> 1952913.5
A69: Instruções:
A70: 1) Os preços unitários da planilha são referenciais, limites máximos permitidos e correspondem ao custo total de cada serviço. Foram utilizados preços de referência com desoneração, conforme Lei 13.161/2015.
A71: 2) Estão incluídos nos custos de cada item: Fornecimento e transporte de todos os materiais e equipamentos + mão de obra + encargos sociais + encargos complementares. No preço unitário estão incluidos todos os componentes necessários para execução de cada serviço, mesmo aqueles que embora não citados sejam indispensáveis para o seu desenvolvimento.
A72: 3) Os Encargos complementares são custos associados à mão de obra - alimentação, transporte, equipamentos de proteção individual, ferramentas e outros.
A73: 4) O BDI adotado foi de 30,38%, com desoneração, conforme Acórdão nº 2622/2013 e Lei 13.161 de 31/08/15. Os percentuais adotados para o cálculo do BDI estão detalhados em planilha anexa. Conforme legislação tributária Municipal, a base de cálculo do ISS corresponde a 90,00% do valor deste tipo de obra e, sobre esta base, incide ISS com alíquota de 5,00%.
A74: 5) A Contribuição Previdenciária sobre a Receita Bruta (CPRB) - Lei 13.161/2015, desonera a folha de salários de diversas atividades econômicas da construção civil e impacta no cálculo do BDI mediante a majoração do percentual correspondente à 4,5% sobre o preço total da obra, em substituição à contribuição previdenciária patronal de 20% prevista nos encargos sociais.
A75: 6) Os serviços deverão ser executados rigorosamente conforme Planilha Orçamentária, Especificação Técnica e Projetos.
A76: 7) Caso a Fiscalização Municipal entenda como inviável a execução de algum item previsto nesta planilha, a Prefeitura Municipal reserva-se o direito de realizar supressão total ou parcial do(s) mesmo(s), de acordo com os limites estabelecidos pela Lei nº 8.666/93.
A77: 8) Os LICITANTES deverão apresentar composição do BDI utilizado em sua proposta comercial, detalhando cada percentual separadamente (Administração central, seguros, riscos, garantias, despesas financeiras, lucro/remuneração, impostos). O percentual de ISS deverá seguir a legislação Municipal. A CONTRATANTE realizará retenção do ISS conforme alíquota adotada na composição da empresa vencedora do processo licitatório.

Sheet Mem. Cálc. - P.O
A1: PREFEITURA MUNICIPAL Secretaria de Obras e Serviços Urbanos
A4: ='Plan. Orçamentária'!A4:I4 -> OBRA POR EXECUÇÃO INDIRETA
A5: ='Plan. Orçamentária'!A5 -> Setor requisitante: Secretaria Municipal de Obras e Serviços Urbanos
A6: ='Plan. Orçamentária'!A6 -> Objeto: | B6: ='Plan. Orçamentária'!C6 -> LOE 01 - Pavimentação de via em piso de concreto pré-moldado intertravado, tipo Sextavado - Rua Nossa Senhora do Rosário e Rua Artur Vidigal, bairro Santa Maria - Nova Era/MG | H6: ='Plan. Orçamentária'!G6 -> BDI: | I6: ='Plan. Orçamentária'!H6 -> 0.3038 | J6: ='Plan. Orçamentária'!I6 -> 44887
A8: MEMÓRIA DE CÁLCULO
A9: ='Plan. Orçamentária'!A10 -> 1 | B9: ='Plan. Orçamentária'!D10 -> MOBILIZAÇÃO E DESMOBILIZAÇÃO
A10: Detalhe | D10: Custo direto da obra (com BDI) | F10: Custo direto da obra (sem BDI) | H10: ='Plan. Orçamentária'!D11 -> Mobilização e desmobilização de obra em centro urbano ou região limítrofe com valor entre 1.000.000,01 a 3.000.000,00
A13: 0.3 | D13: ='Plan. Orçamentária'!I19+'Plan. Orçamentária'!I25+'Plan. Orçamentária'!I29+'Plan. Orçamentária'!I39+'Plan. Orçamentária'!I55 -> 1724970.4 | F13: =D13/1.3038 -> 1323033 | H13: =(F13*A13)/100 -> 3969.1
A14: ='Plan. Orçamentária'!A11 -> 1.1 | B14: ='Plan. Orçamentária'!D11 -> Mobilização e desmobilização de obra em centro urbano ou região limítrofe com valor entre 1.000.000,01 a 3.000.000,00
A15: Detalhe | D15: Extensão | E15: Largura | F15: Altura | G15: Quantidade | H15: Lados | I15: Área | J15: Total
A16: Mobilização | G16: 0.7 | J16: =((PRODUCT(D16:H16))-I16) -> 0.7
A17: Desmobilização | G17: 0.3 | J17: =((PRODUCT(D17:H17))-I17) -> 0.3
A18: ="TOTAL - "&'Plan. Orçamentária'!F11 -> TOTAL - VB | J18: =SUM(J16:J17) -> 1
A19: ='Plan. Orçamentária'!A13 -> 2 | B19: ='Plan. Orçamentária'!D13 -> CANTEIRO DE OBRAS
A20: ='Plan. Orçamentária'!A14 -> 2.1 | B20: ='Plan. Orçamentária'!D14 -> Fornecimento e colocação de placa de obra em chapa galvanizada (3,00 x 1,50m) - em chapa galvanizada 0,26 afixadas com rebites 540 e parafusos 3/8, em estrutura metálica viga u 2" enrijecida com metalon 20 x 20, suporte em eucalipto autoclavado pintadas
A21: Detalhe | D21: Extensão | E21: Largura | F21: Altura | G21: Quantidade | H21: Lados | I21: Área | J21: Total
A22: Placa de identificação de obra | G22: 1 | J22: =((PRODUCT(D22:H22))-I22) -> 1
A23: ="TOTAL - "&'Plan. Orçamentária'!F14 -> TOTAL - UN | J23: =SUM(J22) -> 1
A24: ='Plan. Orçamentária'!A15 -> 2.2 | B24: ='Plan. Orçamentária'!D15 -> Locação de banheiro químico, dimensão (110x120x230)cm, linha padrão, contendo uma (1) pia/higienizador de mãos, inclusive manutenção e mobilização/desmobilização
A25: Detalhe | D25: Extensão | E25: Largura | F25: Altura | G25: Quantidade | H25: Lados | I25: Área | J25: Total
A26: 01 (um) banheiro químico durante o perído de execução da obra | G26: 4 | J26: =((PRODUCT(D26:H26))-I26) -> 4
A27: ="TOTAL - "&'Plan. Orçamentária'!F15 -> TOTAL - MÊS | J27: =SUM(J26) -> 4
A28: ='Plan. Orçamentária'!A16 -> 2.3 | B28: ='Plan. Orçamentária'!D16 -> Locação de container com isolamento térmico, tipo 1, para escritório de obra/almoxarifado, com medidas referenciais de (6) metros de comprimentos, (2,3) metros de largura, (2,5) metros de altura útil interna, inclusive ar condicionado e ligações elétricas internas
A29: Detalhe | D29: Extensão | E29: Largura | F29: Altura | G29: Quantidade | H29: Lados | I29: Área | J29: Total
A30: 01 (um) container durante o período de execução da obra | G30: 4 | J30: =((PRODUCT(D30:H30))-I30) -> 4
A31: ="TOTAL - "&'Plan. Orçamentária'!F16 -> TOTAL - MÊS | J31: =SUM(J30) -> 4
A32: ='Plan. Orçamentária'!A17 -> 2.4 | B32: ='Plan. Orçamentária'!D17 -> Ligações provisórias para container tipo 1 (correspondente ao código ED-16348)
A33: Detalhe | D33: Extensão | E33: Largura | F33: Altura | G33: Quantidade | H33: Lados | I33: Área | J33: Total
A34: Ligações provisórias para 01 (um) container durante o período de execução da obra | G34: 1 | J34: =((PRODUCT(D34:H34))-I34) -> 1
A35: ="TOTAL - "&'Plan. Orçamentária'!F17 -> TOTAL - UN | J35: =SUM(J34) -> 1
A36: ='Plan. Orçamentária'!A18 -> 2.5 | B36: ='Plan. Orçamentária'!D18 -> Mobilização e desmobilização de container, inclusive instalação e transporte com caminhão guindauto (munck)
A37: Detalhe | D37: Extensão | E37: Largura | F37: Altura | G37: Quantidade | H37: Lados | I37: Área | J37: Total
A38: Mobilização de container | G38: 0.7 | J38: =PRODUCT(D38:I38) -> 0.7
A39: Desmobilização de container | G39: 0.3 | J39: =PRODUCT(D39:I39) -> 0.3
A40: ="TOTAL - "&'Plan. Orçamentária'!F18 -> TOTAL - UN | J40: =SUM(J38:J39) -> 1
A41: ='Plan. Orçamentária'!A20 -> 3 | B41: ='Plan. Orçamentária'!D20 -> ADMINISTRAÇAO LOCAL
A42: ='Plan. Orçamentária'!A21 -> 3.1 | B42: ='Plan. Orçamentária'!D21 -> Engenheiro/Arquiteto Junior
A43: Detalhe | D43: Extensão | E43: Largura | F43: Quantidade (horas/dia) | G43: Quantidade (dia/mês) | H43: Quantidade (mês) | I43: Dedução | J43: Total
A44: 01 (um) engenheiro durante o perído de execução da obra | F44: 1 | G44: 22 | H44: 4 | J44: =((PRODUCT(D44:H44))-I44) -> 88
A45: ="TOTAL - " & "H" -> TOTAL - H | J45: =SUM(J44) -> 88
A46: ='Plan. Orçamentária'!A22 -> 3.2 | B46: ='Plan. Orçamentária'!D22 -> Encarregado geral com encargos complementares
A47: Detalhe | D47: Extensão | E47: Largura | F47: Quantidade (horas/dia) | G47: Quantidade (dia/mês) | H47: Quantidade (mês) | I47: Dedução | J47: Total
A48: 01 (um) encarregado durante o perído de execução da obra | H48: 4 | J48: =((PRODUCT(D48:H48))-I48) -> 4
A49: ="TOTAL - " & "MÊS" -> TOTAL - MÊS | J49: =SUM(J48) -> 4
A50: ='Plan. Orçamentária'!A23 -> 3.3 | B50: ='Plan. Orçamentária'!D23 -> Topografo com encargos complementares
A51: Detalhe | D51: Extensão | E51: Largura | F51: Quantidade (horas/dia) | G51: Quantidade (dia/mês) | H51: Quantidade (mês) | I51: Dedução | J51: Total
A52: 01 (um) topografo durante o perído de execução da obra | F52: 0.5 | G52: 22 | H52: 4 | J52: =((PRODUCT(D52:H52))-I52) -> 44
A53: ="TOTAL - " & "H" -> TOTAL - H | J53: =SUM(J52) -> 44
A54: ='Plan. Orçamentária'!A24 -> 3.4 | B54: ='Plan. Orçamentária'!D24 -> Auxiliar de topógrafo com encargos complementares
A55: Detalhe | D55: Extensão | E55: Largura | F55: Quantidade (horas/dia) | G55: Quantidade (dia/mês) | H55: Quantidade (mês) | I55: Dedução | J55: Total
A56: 01 (um) auxiliar de topografo durante o perído de execução da obra | F56: 0.5 | G56: 22 | H56: 4 | J56: =((PRODUCT(D56:H56))-I56) -> 44
A57: ="TOTAL - " & "H" -> TOTAL - H | J57: =SUM(J56) -> 44
A58: ='Plan. Orçamentária'!A26 -> 4 | B58: ='Plan. Orçamentária'!D26 -> SINALIZAÇÃO
A59: ='Plan. Orçamentária'!A27 -> 4.1 | B59: ='Plan. Orçamentária'!D27 -> Placa de aço carbono com película refletiva grau técnico tipo I da ABNT, placa retangular (execução, incluindo fornecimento e transporte de todos os materiais, inclusive poste de sustentação)
A60: Detalhe | D60: Extensão | E60: Largura | F60: Altura | G60: Quantidade | H60: Mês | I60: Área | J60: Total
A61: Placa de sinalização de advertência de obras em ambos os lados da Rua Artur Vidigal | E61: 0.4 | F61: 1.1 | G61: 4 | J61: =((PRODUCT(D61:H61))-I61) -> 1.76
A62: Placa de sinalização de advertência de obras em ambos os lados da Rua Nossa Senhora do Rosário | E62: 0.4 | F62: 1.1 | G62: 2 | J62: =((PRODUCT(D62:H62))-I62) -> 0.88
A63: ="TOTAL - "&'Plan. Orçamentária'!F27 -> TOTAL - M2 | J63: =SUM(J61:J62) -> 2.64
A64: ='Plan. Orçamentária'!A28 -> 4.2 | B64: ='Plan. Orçamentária'!D28 -> Cone para sinalização/isolamento de áreas, altura 75 cm, inclusive fornecimento e movimentação
A65: Detalhe | D65: Extensão | E65: Largura | F65: Altura | G65: Quantidade | H65: Mês | I65: Área | J65: Total
A66: Avenida Hermínio Muzzi | G66: 2 | J66: =PRODUCT(G66:H66)-I66 -> 2
A67: Rua Custódio Costa Lage | G67: 2 | J67: =PRODUCT(G67:H67)-I67 -> 2
A68: Rua Agnelo Lage | G68: 2 | J68: =PRODUCT(G68:H68)-I68 -> 2
A69: Rua Vicente Augusto | G69: 2 | J69: =PRODUCT(G69:H69)-I69 -> 2
A70: Rua Ita Azul | G70: 2 | J70: =PRODUCT(G70:H70)-I70 -> 2
A71: ="TOTAL - "&'Plan. Orçamentária'!F28 -> TOTAL - UN | J71: =SUM(J66:J70) -> 10
A72: ='Plan. Orçamentária'!A30 -> 5 | B72: ='Plan. Orçamentária'!D30 -> DRENAGEM PLUVIAL
A73: ='Plan. Orçamentária'!A31 -> 5.1 | B73: ='Plan. Orçamentária'!D31 -> Escavação mecanizada de vala, com profundidade até 3,00m, largura menor 0,8m em solos de 1ª categoria
A74: Detalhe | D74: Extensão | E74: Largura | F74: Altura | G74: Volume | H74: Área | I74: Dedução | J74: Total
A75: RUA ARTUR VIDIGAL
A76: 1º Trecho: Rede principal Ø600mm - PV existente > PV1 | E76: 0.9 | H76: 64.71 | J76: =PRODUCT(D76:H76)-I76 -> 58.24
A77: 1º Trecho: Rede principal Ø600mm - PV1 > PV2 | E77: 0.9 | H77: 114.56 | J77: =PRODUCT(D77:H77)-I77 -> 103.1
A78: 1º Trecho: Rede principal Ø600mm - PV2 > PV3 | E78: 0.9 | H78: 128.67 | J78: =PRODUCT(D78:H78)-I78 -> 115.8
A79: 1º Trecho: Rede principal Ø600mm - PV3 > CP1 | E79: 0.9 | H79: 32.56 | J79: =PRODUCT(D79:H79)-I79 -> 29.3
A80: 1º Trecho: Ramal BL01>PV1 | D80: 6.68 | E80: =0.4+0.04*2+0.11*2 -> 0.7 | F80: 1.25 | J80: =PRODUCT(D80:H80)-I80 -> 5.85
A81: 1º Trecho: Ramal BL02>PV1 | D81: 3.59 | E81: =0.4+0.04*2+0.11*2 -> 0.7 | F81: 1.25 | J81: =PRODUCT(D81:H81)-I81 -> 3.14
A82: 1º Trecho: Ramal BL03>PV2 | D82: 4.22 | E82: =0.4+0.04*2+0.11*2 -> 0.7 | F82: 1.25 | J82: =PRODUCT(D82:H82)-I82 -> 3.69
A83: 1º Trecho: Ramal BL04>PV2 | D83: 7.13 | E83: =0.4+0.04*2+0.11*2 -> 0.7 | F83: 1.25 | J83: =PRODUCT(D83:H83)-I83 -> 6.24
A84: 1º Trecho: Ramal BL05>PV2 | D84: 13.16 | E84: =0.4+0.04*2+0.11*2 -> 0.7 | F84: 1.25 | J84: =PRODUCT(D84:H84)-I84 -> 11.52
A85: RUA NOSSA SENHORA DO ROSÁRIO
A86: Rede principal Ø600mm - PV1 > PV2 | D86: 50.93 | E86: 0.9 | F86: =MEDIAN(2.66,2.67) -> 2.67 | J86: =PRODUCT(D86:H86)-I86 -> 122.38
A87: Rede principal Ø600mm - PV2 > PV3 | D87: =36.17+37.14 -> 73.31 | E87: 0.9 | F87: =MEDIAN(2.63,2.65) -> 2.64 | J87: =PRODUCT(D87:H87)-I87 -> 174.18
A88: Rede principal Ø600mm - PV3 > CP1 | D88: 50.95 | E88: 0.9 | F88: 2.7 | J88: =PRODUCT(D88:H88)-I88 -> 123.81
A89: Rede principal Ø600mm - CP1 > PV4 | D89: 21.92 | E89: 0.9 | F89: 2.7 | J89: =PRODUCT(D89:H89)-I89 -> 53.27
A90: Rede principal Ø600mm - PV4 > PV5 | D90: =33.73+38.68 -> 72.41 | E90: 0.9 | F90: 2.7 | J90: =PRODUCT(D90:H90)-I90 -> 175.96
A91: Rede principal Ø600mm - PV5 > PV6 | D91: 5.3 | E91: 0.9 | F91: =MEDIAN(2.65,2.63) -> 2.64 | J91: =PRODUCT(D91:H91)-I91 -> 12.59
A92: Rede principal Ø400mm - PV6 > PV7 | D92: =23.01+33.34+28.98 -> 85.33 | E92: 0.7 | F92: =MEDIAN(2.76,2.69) -> 2.73 | J92: =PRODUCT(D92:H92)-I92 -> 163.07
A93: Rede principal Ø400mm - PV7 > PV8 | D93: 85.61 | E93: 0.7 | F93: =MEDIAN(2.7,2.66) -> 2.68 | J93: =PRODUCT(D93:H93)-I93 -> 160.6
A94: Ramal Ø400mm BL01>PV2 | D94: 4.7 | E94: 0.7 | F94: 1.25 | J94: =PRODUCT(D94:H94)-I94 -> 4.11
A95: Ramal Ø400mm BL02>PV2 | D95: 2.66 | E95: 0.7 | F95: 1.25 | J95: =PRODUCT(D95:H95)-I95 -> 2.33
A96: Ramal Ø400mm BL03>PV3 | D96: 4.8 | E96: 0.7 | F96: 1.25 | J96: =PRODUCT(D96:H96)-I96 -> 4.2
A97: Ramal Ø400mm BL04>PV3 | D97: 2.66 | E97: 0.7 | F97: 1.25 | J97: =PRODUCT(D97:H97)-I97 -> 2.33
A98: Ramal Ø400mm BL05>PV4 | D98: 4.72 | E98: 0.7 | F98: 1.25 | J98: =PRODUCT(D98:H98)-I98 -> 4.13
A99: Ramal Ø400mm BL06>PV4 | D99: 2.56 | E99: 0.7 | F99: 1.25 | J99: =PRODUCT(D99:H99)-I99 -> 2.24
A100: Ramal Ø400mm BL07>PV5 | D100: 4.95 | E100: 0.7 | F100: 1.25 | J100: =PRODUCT(D100:H100)-I100 -> 4.33
A101: Ramal Ø400mm BL08>PV5 | D101: 3.7 | E101: 0.7 | F101: 1.25 | J101: =PRODUCT(D101:H101)-I101 -> 3.24
A102: Ramal Ø400mm BL09>PV7 | D102: 4.61 | E102: 0.7 | F102: 1.25 | J102: =PRODUCT(D102:H102)-I102 -> 4.03
A103: Ramal Ø400mm BL10>PV7 | D103: 3.1 | E103: 0.7 | F103: 1.25 | J103: =PRODUCT(D103:H103)-I103 -> 2.71
A104: Ramal Ø400mm BL11>PV8 | D104: 5.1 | E104: 0.7 | F104: 1.25 | J104: =PRODUCT(D104:H104)-I104 -> 4.46
A105: Ramal Ø400mm BL12>PV8 | D105: 2.54 | E105: 0.7 | F105: 1.25 | J105: =PRODUCT(D105:H105)-I105 -> 2.22
...

Sheet C.P.U.
A1: PREFEITURA MUNICIPAL Secretaria de Obras e Serviços Urbanos | Q1: 1
Q2: 2
Q3: 3
A4: ='Plan. Orçamentária'!A4:I4 -> OBRA POR EXECUÇÃO INDIRETA | Q4: 4
A5: ='Plan. Orçamentária'!A5:I5 -> Setor requisitante: Secretaria Municipal de Obras e Serviços Urbanos | Q5: 5
A6: ='Plan. Orçamentária'!A6:B7 -> Objeto: | B6: ='Plan. Orçamentária'!C6 -> LOE 01 - Pavimentação de via em piso de concreto pré-moldado intertravado, tipo Sextavado - Rua Nossa Senhora do Rosário e Rua Artur Vidigal, bairro Santa Maria - Nova Era/MG | G6: ='Plan. Orçamentária'!G6:G7 -> BDI: | H6: ='Plan. Orçamentária'!H6:H7 -> 0.3038 | I6: ='Plan. Orçamentária'!I6:I7 -> 44887 | Q6: 6
Q7: 7
A8: COMPOSIÇÃO DE CUSTOS UNITÁRIOS
A9: 1 | B9: Poço de visita para drenagem pluvial em alvenaria de blocos de concreto, cheios em concreto Fck ≥ 20MPa, dimensões internas de 100X100cm, altura de 150 cm a 300 cm (varíável de acordo com perfil da rede), para rede DN 400mm e DN600mm, com tampa de concreto armado e reboco interno, incluindo escavação e reaterro compactado, conforme projeto | H9: UN | I9: =I18 -> 5853.28
A10: Item | B10: Referência coeficiente | C10: Referência custo unitário | D10: Fonte custo unitário | E10: Descrição do insumo / serviço | F10: Unidade | G10: Coeficiente | H10: Custo unitário (R$) | I10: Custo total (R$)
A11: ="00"&$A$9&"."&Q1 -> 001.1 | B11: COMP-PMNE/MG | C11: ="COMP-PMNE-00"&A19 -> COMP-PMNE-002 | D11: COMP-PMNE/MG | E11: Execução de radier, espessura de 15 cm, Fck = 30 MPa, com uso de formas em madeira serrada inclusive execução de lastro com material granular (pedra britada n.2), escavação manual e compactação mecânica de solo | F11: M2 | G11: ='Memória de Cálculo - Composição'!I13 -> 2.07 | H11: =I29 -> 220.68 | I11: =G11*H11 -> 456.81
A12: ="00"&$A$9&"."&Q2 -> 001.2 | B12: COMP-PMNE/MG | C12: 92803 | D12: SINAPI (OUT/2022) | E12: Corte e dobra de aço CA-50, diâmetro de 10,0 mm (0,617kg/m), utilizado em estrutura diversas (Armadura positiva e negativa em duas direções para radier) | F12: KG | G12: ='Memória de Cálculo - Composição'!I18 -> 49.76 | H12: 11.72 | I12: =G12*H12 -> 583.19
A13: ="00"&$A$9&"."&Q3 -> 001.3 | B13: COMP-PMNE/MG | C13: 99252 | D13: SINAPI (OUT/2022) | E13: Base para poço de visita retangular para drenagem, em alvenaria com blocos de concreto, dimensões internas = 1,00 x 1,00 m, profundidade = 1,50, excluindo tampão | F13: UN | G13: 1 | H13: 2340.17 | I13: =G13*H13 -> 2340.17
A14: ="00"&$A$9&"."&Q4 -> 001.4 | B14: COMP-PMNE/MG | C14: ED-49621 | D14: SETOP (JUN/2022) | E14: Confecção de tampa em concreto armado, com armadura de ø 10,00 mm em duas direções, para poço de visita, Fck ≥ 35 MPa, inclusive lançamento de concreto, adensamento com vibrador de imersão, acabamento e formas | F14: M3 | G14: ='Memória de Cálculo - Composição'!I22 -> 2.07 | H14: 682.74 | I14: =G14*H14 -> 1413.27
A15: ="00"&$A$9&"."&Q5 -> 001.5 | B15: COMP-PMNE/MG | C15: 92803 | D15: SINAPI (OUT/2022) | E15: Corte e dobra de aço CA-50, diâmetro de 10,0 mm (0,617kg/m), utilizado em estrutura diversas (Armadura positiva e negativa em duas direções para tampa de concreto | F15: KG | G15: ='Memória de Cálculo - Composição'!I27 -> 49.76 | H15: 11.72 | I15: =G15*H15 -> 583.19
A16: ="00"&$A$9&"."&Q6 -> 001.6 | B16: COMP-PMNE/MG | C16: 87299 | D16: SINAPI (OUT/2022) | E16: Reboco, em argamassa traço 1:3 (Em volume de cimento e areia média úmida) para paredes internas, preparo mecânico com betoneira 600 L, aplicado manualmente em faces internas de paredes, espessura de 35 mm. | F16: M2 | G16: ='Memória de Cálculo - Composição'!I31 -> 0.28 | H16: 429.9 | I16: =G16*H16 -> 120.37
A17: ="00"&$A$9&"."&Q7 -> 001.7 | B17: COMP-PMNE/MG | C17: 100066 | D17: SINAPI (OUT/2022) | E17: Armação do sistema de paredes com uso de tela Q-196 (3,11 kg/m2) | F17: KG | G17: ='Memória de Cálculo - Composição'!I35 -> 24.88 | H17: 14.32 | I17: =G17*H17 -> 356.28
A18: ="TOTAL - "&G9 -> TOTAL - | I18: =SUM(I11:I17) -> 5853.28
A19: 2 | B19: Execução de radier, espessura de 15 cm, Fck = 30 MPa, com uso de formas em madeira serrada inclusive execução de lastro com material granular (pedra britada n.2), escavação manual e compactação mecânica de solo | H19: M2 | I19: =I29 -> 220.68
A20: Item | B20: Referência coeficiente | C20: Referência custo unitário | E20: Descrição do insumo / serviço | F20: Unidade | G20: Coeficiente | H20: Custo unitário (R$) | I20: Custo total (R$)
A22: ="00"&$A$19&"."&Q1 -> 002.1 | B22: COMP-PMNE/MG | C22: 96624 | D22: SINAPI (OUT/2022) | E22: Lastro com material granular (pedra britada n.1), aplicado em pisos ou radiers, espessura de *10 cm* | F22: M3 | G22: 0.1 | H22: 148.16 | I22: =G22*H22 -> 14.82
A23: ="00"&$A$19&"."&Q2 -> 002.2 | B23: COMP-PMNE/MG | C23: 97082 | D23: SINAPI (OUT/2022) | E23: Escavação manual de viga de borda para radier | F23: M3 | G23: 0.035 | H23: 47.07 | I23: =G23*H23 -> 1.65
A24: ="00"&$A$19&"."&Q3 -> 002.3 | B24: COMP-PMNE/MG | C24: 97083 | D24: SINAPI (OUT/2022) | E24: Compactação mecânica de solo para execução de radier, com compactador de solos a percussão | F24: M2 | G24: 1 | H24: 2.6 | I24: =G24*H24 -> 2.6
A25: ="00"&$A$19&"."&Q4 -> 002.4 | B25: COMP-PMNE/MG | C25: 97086 | D25: SINAPI (OUT/2022) | E25: Fabricação, montagem e desmontagem de forma para radier, em madeira serrada, 4 utilizações | F25: M2 | G25: 0.06 | H25: 127.41 | I25: =G25*H25 -> 7.64
A26: ="00"&$A$19&"."&Q5 -> 002.5 | B26: COMP-PMNE/MG | C26: 97087 | D26: SINAPI (OUT/2022) | E26: Camada separadora para execução de radier, em lona plástica | F26: M2 | G26: 1 | H26: 2.62 | I26: =G26*H26 -> 2.62
A27: ="00"&$A$19&"."&Q6 -> 002.6 | B27: COMP-PMNE/MG | C27: 97092 | D27: SINAPI (OUT/2022) | E27: Armação para execução de radier, com uso de tela Q-196 (3,11 kg/m2) | F27: KG | G27: 4.4 | H27: 20.21 | I27: =G27*H27 -> 88.92
A28: ="00"&$A$19&"."&Q7 -> 002.7 | B28: COMP-PMNE/MG | C28: 97096 | D28: SINAPI (OUT/2022) | E28: Concretagem de radier, piso ou laje sobre solo, Fck ≥ 30 MPa, para espessura de 15 cm - Lançamento, adensamento e acabamento | F28: M3 | G28: 0.15 | H28: 682.86 | I28: =G28*H28 -> 102.43
A29: ="TOTAL - "&H19 -> TOTAL - M2 | I29: =SUM(I22:I28) -> 220.68
A30: 3 | B30: ='[2]Plan. Orçamentária'!D42 -> Caixa de passagem para drenagem pluvial, em alvenaria de blocos de concreto, cheios em concreto Fck ≥ 20MPa, dimensões internas de 100X100cm, altura ≤ 250cm, para rede DN 400mm e DN600mm, com tampa de concreto armado e reboco interno, incluindo escavação e reaterro compactado, conforme projeto | H30: UN | I30: =I39 -> 5634.74
A31: Item | B31: Referência coeficiente | C31: Referência custo unitário | D31: Fonte custo unitário | E31: Descrição do insumo / serviço | F31: Unidade | G31: Coeficiente | H31: Custo unitário (R$) | I31: Custo total (R$)
A32: ="00"&$A$30&"."&Q1 -> 003.1 | B32: COMP-PMNE/MG | C32: ="COMP-PMNE-00"&A19 -> COMP-PMNE-002 | D32: COMP-PMNE/MG | E32: =B19 -> Execução de radier, espessura de 15 cm, Fck = 30 MPa, com uso de formas em madeira serrada inclusive execução de lastro com material granular (pedra britada n.2), escavação manual e compactação mecânica de solo | F32: =H19 -> M2 | G32: ='[2]Memória de cálculo - Composição'!I40 -> 1.96 | H32: =I29 -> 220.68 | I32: =G32*H32 -> 432.53
A33: ="00"&$A$30&"."&Q2 -> 003.2 | B33: COMP-PMNE/MG | C33: 92803 | D33: SINAPI (OUT/2022) | E33: Corte e dobra de aço CA-50, diâmetro de 10,0 mm (0,617kg/m), utilizado em estrutura diversas (Armadura positiva e negativa em duas direções para radier) | F33: KG | G33: ='[2]Memória de cálculo - Composição'!I45 -> 49.76 | H33: 11.72 | I33: =G33*H33 -> 583.19
A34: ="00"&$A$30&"."&Q3 -> 003.3 | B34: COMP-PMNE/MG | C34: 99252 | D34: SINAPI (OUT/2022) | E34: Base para poço de visita retangular para drenagem, em alvenaria com blocos de concreto, dimensões internas = 1x1 m, profundidade = 1,50 m, excluindo tampão. af_12/2020 | F34: UN | G34: 1 | H34: 2340.17 | I34: =G34*H34 -> 2340.17
A35: ="00"&$A$30&"."&Q4 -> 003.4 | B35: COMP-PMNE/MG | C35: ED-49621 | D35: SETOP (JUN/2022) | E35: Confecção de tampa em concreto armado, com armadura de ø 10,00 mm em duas direções, para poço de visita, Fck ≥ 35 MPa, inclusive lançamento de concreto, adensamento com vibrador de imersão, acabamento e formas | F35: M3 | G35: ='[2]Memória de cálculo - Composição'!I49 -> 1.96 | H35: 682.74 | I35: =G35*H35 -> 1338.17
A36: ="00"&$A$30&"."&Q5 -> 003.5 | B36: COMP-PMNE/MG | C36: 92803 | D36: SINAPI (OUT/2022) | E36: Corte e dobra de aço CA-50, diâmetro de 10,0 mm (0,617kg/m), utilizado em estrutura diversas (Armadura positiva e negativa em duas direções para tampa de concreto) | F36: KG | G36: ='[2]Memória de cálculo - Composição'!I54 -> 49.76 | H36: 11.72 | I36: =G36*H36 -> 583.19
A37: ="00"&$A$30&"."&Q6 -> 003.6 | B37: COMP-PMNE/MG | C37: 87299 | D37: SINAPI (OUT/2022) | E37: Reboco, em argamassa traço 1:3 (Em volume de cimento e areia média úmida) para paredes internas, preparo mecânico com betoneira 600 L, aplicado manualmente em faces internas de paredes, espessura de 35 mm. | F37: M3 | G37: ='[2]Memória de cálculo - Composição'!I58 -> 0.21 | H37: 429.9 | I37: =G37*H37 -> 90.28
A38: ="00"&$A$30&"."&Q7 -> 003.7 | B38: COMP-PMNE/MG | C38: 100066 | D38: SINAPI (OUT/2022) | E38: Armação do sistema de paredes com uso de tela Q-196 (3,11 kg/m2) | F38: KG | G38: ='[2]Memória de cálculo - Composição'!I62 -> 18.66 | H38: 14.32 | I38: =G38*H38 -> 267.21
A39: ="TOTAL - "&H30 -> TOTAL - UN | I39: =SUM(I32:I38) -> 5634.74
A40: 4 | B40: ='Plan. Orçamentária'!D57 -> Mureta de bloco de concreto, esp. 15cm, h= 105cm, a revestir | H40: M | I40: =I53 -> 292.43
A41: Item | B41: Referência coeficiente | C41: Referência custo unitário | D41: Fonte custo unitário | E41: Descrição do insumo / serviço | F41: Unidade | G41: Coeficiente | H41: Custo unitário (R$) | I41: Custo total (R$)
A43: 004.1 | B43: COMP-PMNE/MG | C43: ED-48194 | D43: SETOP (JUN/2022) | E43: Alvenaria de vedação com bloco de concreto esp. 9cm, para revestimento, inclusive argamassa para assentamento | F43: M2 | G43: 1.05 | H43: 47.44 | I43: =G43*H43 -> 49.81
A44: 004.2 | B44: COMP-PMNE/MG | C44: ED-50727 | D44: SETOP (JUN/2022) | E44: Chapisco com argamassa, traço 1:3 (cimento e areia), esp. 5mm aplicado em alvenaria/estrutura de concreto com colher, preparo mecânico | F44: M2 | G44: 2.1 | H44: 7.54 | I44: =G44*H44 -> 15.83
A45: 004.3 | B45: COMP-PMNE/MG | C45: ED-48298 | D45: SETOP (JUN/2022) | E45: Corte, dobra e montagem de aço CA-50/60 | F45: KG | G45: 5.75 | H45: 12.88 | I45: =G45*H45 -> 74.06
A46: 004.4 | B46: COMP-PMNE/MG | C46: ED-51107 | D46: SETOP (JUN/2022) | E46: Escavação manual de vala com profundidade menor ou igual a 1,5m | F46: M3 | G46: 0.11 | H46: 55.11 | I46: =G46*H46 -> 6.06
A47: 004.5 | B47: COMP-PMNE/MG | C47: ED-49810 | D47: SETOP (JUN/2022) | E47: Forma e desforma de tábua e sarrafo, reaproveitamento (3x) (fundação) | F47: M2 | G47: 0.57 | H47: 57.7 | I47: =G47*H47 -> 32.89
A48: 004.6 | B48: COMP-PMNE/MG | C48: ED-49618 | D48: SETOP (JUN/2022) | E48: Fornecimento de concreto estrutural, preparado em obra, com Fck 20 MPa, inclusive lançamento, adensamento e acabamento | F48: M3 | G48: 0.02 | H48: 595.13 | I48: =G48*H48 -> 11.9
A49: 004.7 | B49: COMP-PMNE/MG | C49: ED-49784 | D49: SETOP (JUN/2022) | E49: Fornecimento de concreto não estrutural, preparado em obra com betoneira, com Fck 15 MPa, inclusive lançamento, adensamento e acabamento (fundação) | F49: M3 | G49: 0.011 | H49: 544.13 | I49: =G49*H49 -> 5.99
A50: 004.8 | B50: COMP-PMNE/MG | C50: ED-50381 | D50: SETOP (JUN/2022) | E50: Pedreiro com encargos complementares | F50: H | G50: 0.17 | H50: 22.37 | I50: =G50*H50 -> 3.8
A51: 004.9 | B51: COMP-PMNE/MG | C51: ED-50760 | D51: SETOP (JUN/2022) | E51: Rebobo com argamassa, traço 1:2:9 (cimento, cal e areia), com aditivo impermeabilizante, esp. 20mm, aplicação manual, preparo mecânico | F51: M2 | G51: 2.1 | H51: 42.54 | I51: =G51*H51 -> 89.33
A52: 004.10 | B52: COMP-PMNE/MG | C52: ED-50367 | D52: SETOP (JUN/2022) | E52: Servente com encargos complementares | F52: H | G52: 0.17 | H52: 16.21 | I52: =G52*H52 -> 2.76
A53: ="SUB-TOTAL (Item 00"&A40&"):" -> SUB-TOTAL (Item 004): | I53: =SUM(I43:I52) -> 292.43
A54: 5 | B54: ='Plan. Orçamentária'!D62 -> Fornecimento de concreto estrutural, usinado bombeado, com Fck 20 MPa, inclusive corte, dobra e montagem de aço CA-50/60, lançamento, adensamento e acabamento (fundação) | H54: M3 | I54: =I59 -> 1622.34
A55: Item | B55: Referência coeficiente | C55: Referência custo unitário | D55: Fonte custo unitário | E55: Descrição do insumo / serviço | F55: Unidade | G55: Coeficiente | H55: Custo unitário (R$) | I55: Custo total (R$)
A57: 005.1 | B57: COMP-PMNE/MG | C57: ED-49804 | D57: SETOP (JUN/2022) | E57: Fornecimento de concreto estrutural, usinado bombeado, com Fck 20 MPa, inclusive lançamento, adensamento e acabamento (fundação) | F57: M3 | G57: 1 | H57: 591.94 | I57: =G57*H57 -> 591.94
A58: 005.2 | B58: COMP-PMNE/MG | C58: ED-48298 | D58: SETOP (JUN/2022) | E58: Corte, dobra e montagem de aço CA-50/60 | F58: KG | G58: 80 | H58: 12.88 | I58: =G58*H58 -> 1030.4
A59: ="SUB-TOTAL (Item 00"&A54&"):" -> SUB-TOTAL (Item 005): | I59: =SUM(I57:I58) -> 1622.34

Sheet Memória de Cálculo - Composição
A1: PREFEITURA MUNICIPAL Secretaria de Obras e Serviços Urbanos
A4: ='[2]Plan. Orçamentária'!A4:I4 -> OBRA POR EXECUÇÃO INDIRETA
A5: ='[2]Plan. Orçamentária'!A5:I5 -> Setor requisitante: Secretaria Municipal de Obras e Serviços Urbanos
A6: ='[2]Plan. Orçamentária'!A6:B7 -> Objeto: | B6: ='Plan. Orçamentária'!C6 -> LOE 01 - Pavimentação de via em piso de concreto pré-moldado intertravado, tipo Sextavado - Rua Nossa Senhora do Rosário e Rua Artur Vidigal, bairro Santa Maria - Nova Era/MG | G6: ='[2]Plan. Orçamentária'!G6:G7 -> BDI: | H6: ='[2]Plan. Orçamentária'!H6:H7 -> 0.3038 | I6: =TODAY() -> 44887
A8: COMPOSIÇÃO DE CUSTOS UNITÁRIOS
A9: ='[2]Plan. Orçamentária'!A41 -> 5.11 | B9: ='[2]C.P.U.'!B9 -> Poço de visita para drenagem pluvial em alvenaria de blocos de concreto, cheios em concreto Fck ≥ 20MPa, dimensões internas de 100X100cm, altura de 150 cm a 300 cm (varíável de acordo com perfil da rede), para rede DN 400mm e DN600mm, com tampa de concreto armado e reboco interno, incluindo escavação e reaterro compactado, conforme projeto
A10: ='[2]C.P.U.'!A11 -> 001.1 | B10: ='[2]C.P.U.'!E11 -> Execução de radier, espessura de 15 cm, Fck = 30 MPa, com uso de formas em madeira serrada inclusive execução de lastro com material granular (pedra britada n.2), escavação manual e compactação mecânica de solo
A11: Detalhe | C11: Extensão | D11: Largura | E11: Altura | F11: Quantitade | G11: Meses | H11: Dedução | I11: Total
A12: Base para caixa de passagem | C12: 1.44 | D12: 1.44 | I12: =PRODUCT(C12:H12) -> 2.07
A13: ="TOTAL - "&[3]Composição!F21 -> TOTAL - M3 | I13: =SUM(I12) -> 2.07
A14: ='[2]C.P.U.'!A12 -> 001.2 | B14: ='[2]C.P.U.'!E12 -> Corte e dobra de aço CA-50, diâmetro de 10,0 mm (0,617kg/m), utilizado em estrutura diversas (Armadura positiva e negativa em duas direções para radier)
A15: Detalhe | C15: Extensão | D15: Largura | E15: Altura | F15: Quantitade | G15: Direção | H15: Massa nominal (kg/m2) | I15: Total
A16: Radier - Positiva | C16: 1.44 | F16: 14 | G16: 2 | H16: 0.617 | I16: =PRODUCT(C16:H16) -> 24.88
A17: Radier - Negativa | C17: 1.44 | F17: 14 | G17: 2 | H17: 0.617 | I17: =PRODUCT(C17:H17) -> 24.88
A18: ="TOTAL - "&[3]Composição!F22 -> TOTAL - M2 | I18: =SUM(I16:I17) -> 49.76
A19: ='[2]C.P.U.'!A14 -> 001.4 | B19: ='[2]C.P.U.'!E14 -> Confecção de tampa em concreto armado, com armadura de ø 10,00 mm em duas direções, para poço de visita, Fck ≥ 35 MPa, inclusive lançamento de concreto, adensamento com vibrador de imersão, acabamento e formas
A20: Detalhe | C20: Extensão | D20: Largura | E20: Altura | F20: Quantitade | G20: Meses | H20: Dedução | I20: Total
A21: Tampa para caixa de passagem | C21: 1.44 | D21: 1.44 | I21: =PRODUCT(C21:H21) -> 2.07
A22: ="TOTAL - "&[3]Composição!F24 -> TOTAL - M2 | I22: =SUM(I21) -> 2.07
A23: ='[2]C.P.U.'!A15 -> 001.5 | B23: ='[2]C.P.U.'!E15 -> Corte e dobra de aço CA-50, diâmetro de 10,0 mm (0,617kg/m), utilizado em estrutura diversas (Armadura positiva e negativa em duas direções para tampa de concreto
A24: Detalhe | C24: Extensão | D24: Largura | E24: Altura | F24: Quantitade | G24: Direção | H24: Massa nominal (kg/m) | I24: Total
A25: Tampa de concreto - Positiva | C25: 1.44 | F25: 14 | G25: 2 | H25: 0.617 | I25: =PRODUCT(C25:H25) -> 24.88
A26: Tampa de concreto - Negativa | C26: 1.44 | F26: 14 | G26: 2 | H26: 0.617 | I26: =PRODUCT(C26:H26) -> 24.88
A27: ="TOTAL - "&[3]Composição!F25 -> TOTAL - KG | I27: =SUM(I25:I26) -> 49.76
A28: ='[2]C.P.U.'!A16 -> 001.6 | B28: ='[2]C.P.U.'!E16 -> Reboco, em argamassa traço 1:3 (Em volume de cimento e areia média úmida) para paredes internas, preparo mecânico com betoneira 600 L, aplicado manualmente em faces internas de paredes, espessura de 35 mm.
A29: Detalhe | C29: Extensão | D29: Largura | E29: Altura | F29: Lados | G29: Espessura | H29: Dedução | I29: Total
A30: Paredes internas | D30: 1 | E30: 2 | F30: 4 | G30: 0.035 | I30: =PRODUCT(C30:H30) -> 0.28
A31: ="TOTAL - "&[3]Composição!F26 -> TOTAL - M3 | I31: =SUM(I30) -> 0.28
A32: ='[2]C.P.U.'!A17 -> 001.7 | B32: ='[2]C.P.U.'!E17 -> Armação do sistema de paredes com uso de tela Q-196 (3,11 kg/m2)
A33: Detalhe | C33: Extensão | D33: Largura | E33: Altura | F33: Quantitade | G33: Direção | H33: Massa nominal (kg/m2) | I33: Total
A34: Tampa para caixa de passagem | D34: 1 | E34: 2 | G34: 4 | H34: 3.11 | I34: =PRODUCT(C34:H34) -> 24.88
A35: ="TOTAL - "&[3]Composição!F27 -> TOTAL - | I35: =SUM(I34) -> 24.88
A36: ='[2]C.P.U.'!A30 -> 3 | B36: ='[2]C.P.U.'!B30 -> Caixa de passagem para drenagem pluvial, em alvenaria de blocos de concreto, cheios em concreto Fck ≥ 20MPa, dimensões internas de 100X100cm, altura ≤ 250cm, para rede DN 400mm e DN600mm, com tampa de concreto armado e reboco interno, incluindo escavação e reaterro compactado, conforme projeto
A37: ='[2]C.P.U.'!A32 -> 003.1 | B37: ='[2]C.P.U.'!E32 -> Execução de radier, espessura de 15 cm, Fck = 30 MPa, com uso de formas em madeira serrada inclusive execução de lastro com material granular (pedra britada n.2), escavação manual e compactação mecânica de solo
A38: Detalhe | C38: Extensão | D38: Largura | E38: Altura | F38: Quantitade | G38: Meses | H38: Dedução | I38: Total
A39: Base para caixa de passagem | C39: 1.4 | D39: 1.4 | I39: =PRODUCT(C39:H39) -> 1.96
A40: ="TOTAL - "&[3]Composição!F56 -> TOTAL - Unidade | I40: =SUM(I39) -> 1.96
A41: ='[2]C.P.U.'!A33 -> 003.2 | B41: ='[2]C.P.U.'!E33 -> Corte e dobra de aço CA-50, diâmetro de 10,0 mm (0,617kg/m), utilizado em estrutura diversas (Armadura positiva e negativa em duas direções para radier)
A42: Detalhe | C42: Extensão | D42: Largura | E42: Altura | F42: Quantitade | G42: Direção | H42: Massa nominal (kg/m2) | I42: Total
A43: Radier - Positiva | C43: 1.44 | F43: 14 | G43: 2 | H43: 0.617 | I43: =PRODUCT(C43:H43) -> 24.88
A44: Radier - Negativa | C44: 1.44 | F44: 14 | G44: 2 | H44: 0.617 | I44: =PRODUCT(C44:H44) -> 24.88
A45: ="TOTAL - "&[3]Composição!F57 -> TOTAL - M3 | I45: =SUM(I43:I44) -> 49.76
A46: ='[2]C.P.U.'!A35 -> 003.4 | B46: ='[2]C.P.U.'!E35 -> Confecção de tampa em concreto armado, com armadura de ø 10,00 mm em duas direções, para poço de visita, Fck ≥ 35 MPa, inclusive lançamento de concreto, adensamento com vibrador de imersão, acabamento e formas
A47: Detalhe | C47: Extensão | D47: Largura | E47: Altura | F47: Quantitade | G47: Meses | H47: Dedução | I47: Total
A48: Tampa para caixa de passagem | C48: 1.4 | D48: 1.4 | I48: =PRODUCT(C48:H48) -> 1.96
A49: ="TOTAL - "&[3]Composição!F59 -> TOTAL - H | I49: =SUM(I48) -> 1.96
A50: ='[2]C.P.U.'!A36 -> 003.5 | B50: ='[2]C.P.U.'!E36 -> Corte e dobra de aço CA-50, diâmetro de 10,0 mm (0,617kg/m), utilizado em estrutura diversas (Armadura positiva e negativa em duas direções para tampa de concreto)
A51: Detalhe | C51: Extensão | D51: Largura | E51: Altura | F51: Quantitade | G51: Direção | H51: Massa nominal (kg/m) | I51: Total
A52: Tampa de concreto - Positiva | C52: 1.44 | F52: 14 | G52: 2 | H52: 0.617 | I52: =PRODUCT(C52:H52) -> 24.88
A53: Tampa de concreto - Negativa | C53: 1.44 | F53: 14 | G53: 2 | H53: 0.617 | I53: =PRODUCT(C53:H53) -> 24.88
A54: ="TOTAL - "&[3]Composição!F60 -> TOTAL - H | I54: =SUM(I52:I53) -> 49.76
A55: ='[2]C.P.U.'!A37 -> 003.6 | B55: ='[2]C.P.U.'!E37 -> Reboco, em argamassa traço 1:3 (Em volume de cimento e areia média úmida) para paredes internas, preparo mecânico com betoneira 600 L, aplicado manualmente em faces internas de paredes, espessura de 35 mm.
A56: Detalhe | C56: Extensão | D56: Largura | E56: Altura | F56: Lados | G56: Espessura | H56: Dedução | I56: Total
A57: Paredes internas | D57: 1 | E57: 1.5 | F57: 4 | G57: 0.035 | I57: =PRODUCT(C57:H57) -> 0.21
A58: ="TOTAL - "&[3]Composição!F61 -> TOTAL - | I58: =SUM(I57) -> 0.21
A59: ='[2]C.P.U.'!A38 -> 003.7 | B59: ='[2]C.P.U.'!E38 -> Armação do sistema de paredes com uso de tela Q-196 (3,11 kg/m2)
A60: Detalhe | C60: Extensão | D60: Largura | E60: Altura | F60: Quantitade | G60: Direção | H60: Massa nominal (kg/m2) | I60: Total
A61: Tampa para caixa de passagem | D61: 1 | E61: 1.5 | G61: 4 | H61: 3.11 | I61: =PRODUCT(C61:H61) -> 18.66
A62: ="TOTAL - "&[3]Composição!F62 -> TOTAL - | I62: =SUM(I61) -> 18.66

Sheet BDI
A1: PREFEITURA MUNICIPAL Secretaria de Obras e Serviços Urbanos
A4: ='[4]PLANILHA ORÇAMENTÁRIA'!A4 -> OBRA POR EXECUÇÃO INDIRETA
A5: ='[4]PLANILHA ORÇAMENTÁRIA'!A5 -> Setor requisitante: Secretaria Municipal de Obras e Serviços Urbanos
A6: ='[4]PLANILHA ORÇAMENTÁRIA'!A6 -> Objeto: | B6: ='Plan. Orçamentária'!C6 -> LOE 01 - Pavimentação de via em piso de concreto pré-moldado intertravado, tipo Sextavado - Rua Nossa Senhora do Rosário e Rua Artur Vidigal, bairro Santa Maria - Nova Era/MG | J6: ='Plan. Orçamentária'!I6:I7 -> 44887
A7: BDI
A9: Conforme legislação tributária municipal, definir estimativa de percentual da base de cálculo para o ISS: | I9: 0.9
A10: Sobre a base de cálculo, definir a respectiva alíquota do ISS (entre 2% e 5%): | I10: 0.05
A12: BDI 1
A14: TIPO DE OBRA
A15: Contrução de rodovias e ferrovias
A17: Itens | I17: Siglas | J17: % Adotado
A18: =IF($J$20=$A$167,"Encargos Sociais incidentes sobre a mão de obra","Administração Central") -> Administração Central | I18: AC | J18: 0.0401
A19: =IF($J$20=$A$167,"Administração Central da empresa ou consultoria - overhead","Seguro e Garantia") -> Seguro e Garantia | I19: SG | J19: 0.004
A20: =IF($J$20=$A$167,"","Risco") -> Risco | I20: R | J20: 0.0056
A21: =IF($J$20=$A$167,"","Despesas Financeiras") -> Despesas Financeiras | I21: DF | J21: 0.0111
A22: =IF($J$20=$A$167,"Margem bruta da empresa de consultoria","Lucro") -> Lucro | I22: L | J22: 0.073
A23: Tributos (impostos COFINS 3%, e PIS 0,65%) | I23: CP | J23: 0.0365
A24: Tributos (ISS, variável de acordo com o município) | I24: ISS | J24: =I10*I9 -> 0.045
A25: Tributos (Contribuição Previdenciária sobre a Receita Bruta - 0% ou 4,5% - Desoneração) | I25: CPRB | J25: 0.045
A26: BDI SEM desoneração (Fórmula Acórdão TCU) | I26: BDI PAD | J26: =(((1+J18+J19+J20)*(1+J21)*(1+J22))/(1-(J23+J24)))-1 -> 0.2399
A27: BDI COM desoneração | I27: BDI DES | J27: =(((1+(J18+J19+J20))*(1+J21)*(1+J22))/(1-(J23+J24+J25)))-1 -> 0.3038
A29: Os valores de BDI foram calculados com o emprego da fórmula: | L29: =(1+J18+J19+J20)*(1+J21)*(1+J22) -> 1.1388 | M29: =(L29/L30)-1 -> 0.3037
L30: =(1-J23-J24-J25) -> 0.8735
A34: =CONCATENATE("Declaro para os devidos fins que, conforme legislação tributária municipal, a base de cálculo deste tipo de obra corresponde à ",$I$9*100,"%, com a respectiva alíquota de ",$I$10*100,"%.") -> Declaro para os devidos fins que, conforme legislação tributária municipal, a base de cálculo deste tipo de obra corresponde à 90%, com a respectiva alíquota de 5%.
A38: ="Declaro para os devidos fins que o regime de Contribuição Previdenciária sobre a Receita Bruta adotado para elaboração do orçamento foi COM Desoneração, e que esta é a alternativa mais adequada para a Administração Pública." -> Declaro para os devidos fins que o regime de Contribuição Previdenciária sobre a Receita Bruta adotado para elaboração do orçamento foi COM Desoneração, e que esta é a alternativa mais adequada para a Administração Pública.
A42: Observações:
A64: Contrução e Reforma de Edifícios

Sheet Cronograma Fis-Fin
A1: PREFEITURA MUNICIPAL Secretaria de Obras e Serviços Urbanos
A4: ='Plan. Orçamentária'!A4:I4 -> OBRA POR EXECUÇÃO INDIRETA
A5: ='Plan. Orçamentária'!A5:I5 -> Setor requisitante: Secretaria Municipal de Obras e Serviços Urbanos
A6: ='Plan. Orçamentária'!A6:B7 -> Objeto: | B6: ='Plan. Orçamentária'!C6 -> LOE 01 - Pavimentação de via em piso de concreto pré-moldado intertravado, tipo Sextavado - Rua Nossa Senhora do Rosário e Rua Artur Vidigal, bairro Santa Maria - Nova Era/MG | N6: ='Plan. Orçamentária'!G6:G7 -> BDI: | O6: ='Plan. Orçamentária'!H6:H7 -> 0.3038 | P6: ='Plan. Orçamentária'!I6:I7 -> 44887
A8: CRONOGRAMA FÍSICO / FINANCEIRO
A9: ITEM | B9: EVENTO | E9: FÍSICO/ FINANCEIRO | F9: TOTAL ETAPAS | G9: MÊS 1 | H9: MÊS 2 | I9: MÊS 3 | J9: MÊS 4 | K9: MÊS 5 | L9: MÊS 6 | M9: MÊS 7 | N9: MÊS 8 | O9: MÊS 9 | P9: MÊS 10
A11: ='Plan. Orçamentária'!A10 -> 1 | B11: ='Plan. Orçamentária'!D10 -> MOBILIZAÇÃO E DESMOBILIZAÇÃO | E11: Físico % | F11: 1 | G11: =G12/F12 -> 0.7 | H11: =H12/F12 -> 0 | I11: =I12/F12 -> 0 | J11: =J12/F12 -> 0.3
E12: Financeiro | F12: ='Plan. Orçamentária'!I11 -> 5174.91 | G12: ='Plan. Orçamentária'!I12*0.7 -> 3622.44 | J12: ='Plan. Orçamentária'!I12*0.3 -> 1552.47 | R12: =F12 -> 5174.91 | S12: =SUM(G12:J12) -> 5174.91 | T12: =R12-S12 -> 0
A13: ='Plan. Orçamentária'!A13 -> 2 | B13: ='Plan. Orçamentária'!D13 -> CANTEIRO DE OBRAS | E13: Físico % | F13: 1 | G13: =G14/F14 -> 0.25 | H13: =H14/F14 -> 0.25 | I13: =I14/F14 -> 0.25 | J13: =J14/F14 -> 0.25
E14: Financeiro | F14: ='Plan. Orçamentária'!I19 -> 10641.97 | G14: ='Plan. Orçamentária'!I19/4 -> 2660.49 | H14: ='Plan. Orçamentária'!I19/4 -> 2660.49 | I14: ='Plan. Orçamentária'!I19/4 -> 2660.49 | J14: ='Plan. Orçamentária'!I19/4+0.01 -> 2660.5 | R14: =F14 -> 10641.97 | S14: =SUM(G14:J14) -> 10641.97 | T14: =R14-S14 -> 0
A15: ='Plan. Orçamentária'!A20 -> 3 | B15: ='Plan. Orçamentária'!D20 -> ADMINISTRAÇAO LOCAL | E15: Físico % | F15: 1 | G15: =G16/F16 -> 0.25 | H15: =H16/F16 -> 0.25 | I15: =I16/F16 -> 0.25 | J15: =J16/F16 -> 0.25
E16: Financeiro | F16: ='Plan. Orçamentária'!I25 -> 44694.2 | G16: ='Plan. Orçamentária'!I25/4 -> 11173.55 | H16: ='Plan. Orçamentária'!I25/4 -> 11173.55 | I16: ='Plan. Orçamentária'!I25/4 -> 11173.55 | J16: ='Plan. Orçamentária'!I25/4 -> 11173.55 | R16: =F16 -> 44694.2 | S16: =SUM(G16:J16) -> 44694.2 | T16: =R16-S16 -> 0
A17: ='Plan. Orçamentária'!A26 -> 4 | B17: ='Plan. Orçamentária'!D26 -> SINALIZAÇÃO | E17: Físico % | F17: 1 | G17: =G18/F18 -> 0.25 | H17: =H18/F18 -> 0.25 | I17: =I18/F18 -> 0.25 | J17: =J18/F18 -> 0.25
E18: Financeiro | F18: ='Plan. Orçamentária'!I29 -> 1653.37 | G18: ='Plan. Orçamentária'!I29/4 -> 413.34 | H18: ='Plan. Orçamentária'!I29/4 -> 413.34 | I18: ='Plan. Orçamentária'!I29/4 -> 413.34 | J18: ='Plan. Orçamentária'!I29/4+0.01 -> 413.35 | R18: =F18 -> 1653.37 | S18: =SUM(G18:J18) -> 1653.37 | T18: =R18-S18 -> 0
A19: ='Plan. Orçamentária'!A30 -> 5 | B19: ='Plan. Orçamentária'!D30 -> DRENAGEM PLUVIAL | E19: Físico % | F19: 1 | G19: =G20/F20 -> 0.8507 | H19: =H20/F20 -> 0.1493 | I19: =I20/F20 -> 0 | J19: =J20/F20 -> 0
E20: Financeiro | F20: ='Plan. Orçamentária'!I39 -> 441777.69 | G20: ='Plan. Orçamentária'!I31+'Plan. Orçamentária'!I32+'Plan. Orçamentária'!I33+'Plan. Orçamentária'!I34+'Plan. Orçamentária'!I35+'Plan. Orçamentária'!I36 -> 375798.78 | H20: ='Plan. Orçamentária'!I37+'Plan. Orçamentária'!I38 -> 65978.91 | I20: ='Plan. Orçamentária'!K31+'Plan. Orçamentária'!K32+'Plan. Orçamentária'!K33+'Plan. Orçamentária'!K34+'Plan. Orçamentária'!K35+'Plan. Orçamentária'!K36 -> 0 | J20: ='Plan. Orçamentária'!K37+'Plan. Orçamentária'!K38 -> 0 | R20: =F20 -> 441777.69 | S20: =SUM(G20:J20) -> 441777.69 | T20: =R20-S20 -> 0
A21: ='Plan. Orçamentária'!A40 -> 6 | B21: ='Plan. Orçamentária'!D40 -> PAVIMENTAÇÃO | E21: Físico % | F21: 1 | G21: =G22/F22 -> 0.1817 | H21: =H22/F22 -> 0.2728 | I21: =I22/F22 -> 0.2728 | J21: =J22/F22 -> 0.2728
E22: Financeiro | F22: ='Plan. Orçamentária'!I55 -> 1226203.2 | G22: ='Plan. Orçamentária'!I41+'Plan. Orçamentária'!I42+'Plan. Orçamentária'!I43+'Plan. Orçamentária'!I44+'Plan. Orçamentária'!I45 -> 222806.87 | H22: =('Plan. Orçamentária'!I46+'Plan. Orçamentária'!I47+'Plan. Orçamentária'!I48+'Plan. Orçamentária'!I49+'Plan. Orçamentária'!I50+'Plan. Orçamentária'!I51+'Plan. Orçamentária'!I52+'Plan. Orçamentária'!I53+'Plan. Orçamentária'!I54)/3 -> 334465.45 | I22: =('Plan. Orçamentária'!I46+'Plan. Orçamentária'!I47+'Plan. Orçamentária'!I48+'Plan. Orçamentária'!I49+'Plan. Orçamentária'!I50+'Plan. Orçamentária'!I51+'Plan. Orçamentária'!I52+'Plan. Orçamentária'!I53+'Plan. Orçamentária'!I54)/3 -> 334465.45 | J22: =('Plan. Orçamentária'!I46+'Plan. Orçamentária'!I47+'Plan. Orçamentária'!I48+'Plan. Orçamentária'!I49+'Plan. Orçamentária'!I50+'Plan. Orçamentária'!I51+'Plan. Orçamentária'!I52+'Plan. Orçamentária'!I53+'Plan. Orçamentária'!I54)/3 -> 334465.45 | R22: =F22 -> 1226203.2 | S22: =SUM(G22:J22) -> 1226203.2 | T22: =R22-S22 -> 0
A23: ='Plan. Orçamentária'!A56 -> 7 | B23: ='Plan. Orçamentária'!D56 -> MURO DE CONTENÇÃO | E23: Físico % | F23: 1 | G23: =G24/F24 -> 0 | H23: =H24/F24 -> 0.5 | I23: =I24/F24 -> 0.5 | J23: =J24/F24 -> 0
E24: Financeiro | F24: ='Plan. Orçamentária'!I67 -> 222768.18 | H24: ='Plan. Orçamentária'!I67/2 -> 111384.09 | I24: ='Plan. Orçamentária'!I67/2 -> 111384.09 | R24: =F24 -> 222768.18 | S24: =SUM(G24:J24) -> 222768.18 | T24: =R24-S24 -> 0
A25: TOTAL | E25: Físico % | F25: =G25+H25+I25+J25 -> 1 | G25: =G26/$F$26 -> 0.3157 | H25: =H26/$F$26 -> 0.2694 | I25: =I26/$F$26 -> 0.2356 | J25: =J26/$F$26-0.0001 -> 0.1793 | R25: =F25 -> 1 | S25: =SUM(G25:O25) -> 1 | T25: =R25-S25 -> 0
E26: Financeiro | F26: ='Plan. Orçamentária'!I68 -> 1952913.5 | G26: =G12+G14+G16+G18+G20+G22+G24 -> 616475.47 | H26: =H12+H14+H16+H18+H20+H22+H24 -> 526075.83 | I26: =I12+I14+I16+I18+I20+I22+I24 -> 460096.92 | J26: =J12+J14+J16+J18+J20+J22+J24 -> 350265.32 | R26: =F26 -> 1952913.5 | S26: ='Plan. Orçamentária'!I68 -> 1952913.5 | T26: =R26-S26 -> 0
